[Event "Fredericia IM 2022"]
[Site "Fredericia"]
[Date "2022.05.27"]
[Round "5.4"]
[White "Thorsbro, Peter"]
[Black "Fries-Nielsen, Jens Ove"]
[Result "1-0"]
[ECO "A46"]
[WhiteElo "2192"]
[BlackElo "2370"]
[Annotator "TA"]
[PlyCount "93"]
[EventDate "2022.05.25"]
[EventType "tourn"]
[EventCountry "DEN"]
[SourceTitle "playchess.com"]
[Source "ChessBase"]
[SourceQuality "1"]
[TimeControl "40/5400+30:1800+30"]

1. d4 Nf6 2. Nf3 e6 3. Bf4 b6 4. e3 Bb7 5. Bd3 Bd6 6. Bxd6 {[%emt 0:00:41] A47: 1 d4 Nf6 2 Nf3 b6: Torre, London and Colle Systems.} cxd6 7. Nbd2 d5 8. Qe2 {[%emt 0:00:23][%cal Og2g4] The position is equal.} O-O {[%emt 0:00:16] [#]} 9. h4 $146 ({Predecessor:} 9. c3 Ne4 10. O-O d6 11. Rfc1 Nd7 12. Nf1 Rc8 13. N3d2 Ndf6 14. f3 Nxd2 15. Nxd2 {0-1 (33) Stripunsky,A (2492)-Nilsson,J (2224) Chess.com INT 2020}) 9... Qc8 10. g4 (10. O-O-O $14) 10... Ba6 ({Better is} 10... Nxg4 $15 11. Ng5 Nf6) 11. g5 Ne4 12. h5 d6 13. g6 (13. Bxa6 $14 Qxa6 14. Nxe4 dxe4 15. Nd2) 13... fxg6 $11 14. hxg6 h6 15. Rh4 (15. Bxa6 $11 {remains equal.} Qxa6 16. Nxe4 dxe4 17. Nd2) 15... Nxd2 $17 16. Kxd2 (16. Nxd2 $142 Bxd3 17. Qxd3) 16... Bxd3 17. cxd3 Nc6 18. Ng5 Nb4 (18... hxg5 $2 19. Rh8+ $3 Kxh8 20. Qh5+ Kg8 21. Qh7#) (18... Rf6 $17 {Threatens to win with ...Qa6.} 19. Rc1 Qd7) 19. Rc1 $11 Qd8 20. f4 {[%emt 0:01:46][%cal Oe2g4] Qg4! is the strong threat.} Rc8 {[%emt 0:17:48] And now ...Qd7 would win.} (20... Nxa2 21. Ra1 (21. Rch1 Qd7 $17) 21... Nb4 22. Qg4 $15) (20... hxg5 $2 21. Qh5 $1 gxh4 22. Qh7#) 21. Qg4 Re8 (21... Rf6 $11 22. Nh7 (22. Nxe6 $2 Qd7 $17) 22... Rxc1 23. Nxf6+ Kf8 24. Rxh6 (24. Kxc1 Qc8+ 25. Kd2 Qc2+ 26. Ke1 Nxd3+ 27. Kf1 Qf2#) (24. Nh7+ $2 Ke7 $19) 24... Rc2+ 25. Kd1 Rc1+ 26. Kd2 (26. Kxc1 Qc8+ 27. Kd2 Qc2+ 28. Ke1 Nxd3+ 29. Kf1 Qf2#) 26... Rc2+ 27. Kd1 Rc1+ 28. Kd2 (28. Kxc1 Qc8+ 29. Kd2 Qc2+ 30. Ke1 Nxd3+ 31. Kf1 Qf2#)) 22. Nf7 $1 $14 {[%emt 0:13:12] Really sharp!} (22. Nxe6 $2 Qd7 23. Rhh1 (23. Nxg7 Qxg4 24. Rxg4 Kxg7 $17) 23... Rxe6 $17) 22... Qd7 {[%emt 0:17:08] [#]} ({Black should play} 22... Qe7 $14 23. Rxc8 Rxc8 24. Nxh6+ (24. a3 $2 Rc2+ 25. Ke1 Nxd3+ 26. Kf1 Qc7 $19) 24... gxh6 25. Rxh6 Rc2+ 26. Kd1 Rc1+ 27. Kd2 (27. Kxc1 Qc7+ 28. Kd2 Qc2+ 29. Ke1 Nxd3+ 30. Kf1 Qf2#) 27... Rc2+ 28. Kd1 Rc1+ 29. Kd2 (29. Kxc1 Qc7+ 30. Kd2 Qc2+ 31. Ke1 Nxd3+ 32. Kf1 Qf2#) 29... Rc2+) 23. Nxh6+ $2 gxh6 $17 24. Rxh6 Qb5 $2 {[%emt 0:04:42][%mdl 8192] [#]} (24... Nxa2 25. Qh5 $1 Nxc1 26. Rh8+ Kg7 27. Rh7+ Kg8 28. Qh6 Nb3+ 29. Ke2 Rc2+ 30. Kf3) (24... Rxc1 $17 {stays on course.} 25. Qh5 Qg7 $1) 25. Rh8+ $3 $18 Kg7 26. Rh7+ (26. Rxc8 Qxd3+ 27. Ke1 Qxe3+ 28. Kf1 Rxh8 $11) 26... Kg8 27. Rh8+ $2 Kg7 $11 (27... Kxh8 $2 28. Qh5+ Kg8 29. Qh7+ Kf8 30. Qf7#) 28. Rh7+ $2 $40 {[%emt 0:00:03][%mdl 8320] White is up to no good.} (28. Rxc8 $11 Qxd3+ 29. Ke1 Qxe3+ 30. Kf1 Rxh8 31. Rxh8 (31. Rc7+ Kg8 $11)) 28... Kg8 $18 {[%emt 0:00:08] [#]} 29. Rxc8 $1 Qxd3+ 30. Ke1 Qxe3+ {[%emt 0:04:23] [#]} 31. Kf1 $1 Rxc8 {[%emt 0:14:13] [#]} 32. Rh8+ $3 {[%emt 0:00:02][%mdl 576] Skewer} Kg7 33. Rh7+ Kg8 34. Rh8+ $1 {[%emt 0:00:02][%mdl 64] Skewer} Kg7 {[%emt 0:00:18] ( -> ...Rc1+)} (34... Kxh8 $2 {gets mated.} 35. Qh5+ Kg8 36. Qh7+ Kf8 37. Qf7#) 35. Rxc8 {[%emt 0:00:03][%mdl 4096] Endgame White wants to mate with Rc7+. KQR-KQN} Nd3 36. Rc7+ Kg8 37. Rc8+ $2 (37. Qh4 $18 Qf3+ 38. Kg1 Qe3+ 39. Kh2 Qxf4+ 40. Qxf4 Nxf4 41. Rxa7) 37... Kg7 $11 38. Rc7+ $2 (38. Qh4 $11 Qf3+ 39. Kg1 Qe3+ 40. Kh2 Qe2+ 41. Kh1 (41. Kg1 Qe3+ 42. Kh2 Qe2+ 43. Kh1 Qd1+ 44. Kg2 Qe2+ 45. Kh3 Nf2+ 46. Kh2 Ne4+ 47. Kh3 Qf3+ 48. Kh2 Qe2+ 49. Kh3 Qf3+ 50. Kh2 Qe2+ $11) 41... Qf1+ 42. Kh2 Qe2+ 43. Kh3 (43. Kg1 Qe3+ 44. Kh1 Qe4+ 45. Kh2 Qe2+ $11) 43... Qf1+ 44. Kg3 Qf2+ 45. Kh3 Qf1+ 46. Kh2 Qe2+) 38... Kg8 $18 39. Qh4 {[%emt 0:02:08][%cal Rh4d8] Inhibits Qf2+.} Qf3+ 40. Kg1 Qe3+ 41. Kh2 Qe2+ 42. Kg3 {[%emt 0:00:00][%cal Rh4d8] White mates.} Qe3+ 43. Kg4 Qxf4+ 44. Kh5 Qf3+ 45. Kg5 Qe3+ 46. Kf6 Qf3+ 47. Ke7 {[%emt 0:00:00] Weighted Error Value: White=0.62/Black=0.58} (47. Kxe6 $142 Qe3+ 48. Kd7 Kg7 49. Rc8 Nc5+ 50. dxc5 Kxg6 51. Rg8+ Kf7 52. Qh7+ Kf6 53. Qg7+ Kf5 54. Qg4+ Ke5 55. Re8+ Kf6 56. Rf8+ Ke5 57. Rf5#) 1-0

[Event "Fredericia IM 2022"]
[Site "Fredericia"]
[Date "2022.05.27"]
[Round "5.5"]
[White "Hilwerda, Jonas"]
[Black "Egilstoft, Rogvi"]
[Result "1-0"]
[ECO "A11"]
[WhiteElo "2275"]
[BlackElo "2334"]
[Annotator "TA"]
[PlyCount "81"]
[EventDate "2022.05.25"]
[EventType "tourn"]
[EventCountry "DEN"]
[SourceTitle "playchess.com"]
[Source "ChessBase"]
[SourceQuality "1"]
[TimeControl "40/5400+30:1800+30"]

1. e4 a6 2. d4 b5 3. Nf3 Bb7 4. Bd3 e6 5. Qe2 c5 6. c3 {[%emt 0:00:35] B00: Queen's Fianchetto Defence, Nimzowitsch Defence.} d5 7. e5 Nc6 {[%emt 0:00:31] [#]} 8. Be3 $146 (8. dxc5 $14 {deserves consideration.} Bxc5 9. Nbd2) ({Predecessor:} 8. dxc5 Bxc5 9. Be3 Bxe3 10. Qxe3 Nge7 11. O-O Qc7 12. Nbd2 Ng6 13. Rfe1 O-O 14. Nb3 {½-½ (54) Astengo,C (2110)-Meijers,V (2485) Lugano 2007}) 8... Qb6 (8... c4 $11 9. Bc2 Nge7) 9. Nbd2 $14 Nh6 (9... c4 $14) 10. Bxh6 {[%emt 0:02:41] Hoping for dxc5.} gxh6 11. Qe3 (11. O-O $142) 11... b4 (11... cxd4 $142 12. Nxd4 Bg7) 12. O-O $16 a5 13. a3 (13. dxc5 $1 $18 Qxc5 14. Nd4) 13... Ba6 {[%emt 0:10:01] [#]} 14. Bxa6 (14. axb4 $1 $18 Bxd3 15. Qxd3 cxb4 16. c4) 14... cxd4 {[%emt 0:14:27] [#]} (14... bxc3 $16 15. bxc3 cxd4 16. Nxd4 (16. cxd4 Qxa6 17. Rfc1 a4 $16) 16... Qxa6) 15. cxd4 $1 Rxa6 (15... Qxa6 16. Rfc1) 16. Rfc1 Bg7 17. Nb3 O-O 18. Nc5 Ra7 19. Ne1 Rc8 20. Ned3 Rac7 21. Rc2 Kh8 22. Rac1 Bf8 23. a4 (23. Qf4 {feels hotter.} Kg8 24. h4 Ne7 25. h5) 23... Qa7 24. g4 Be7 25. Kf1 Kg7 (25... Qa8 $142) 26. Kg2 {[%emt 0:08:18] Black must now prevent Nf4.} Kg8 (26... Kh8 $16 {was called for.} 27. Nb3 Qa6) 27. Kg3 Kh8 28. h4 Qa8 (28... Bf8 $16 {is a better defense.} 29. b3 Qb6) 29. Kh3 (29. Nf4 $18) 29... Rg8 $2 (29... Bf8 $16 {might work better.} 30. Nf4 Ne7) 30. Nb3 $18 Qa6 (30... h5 {was worth a try.}) 31. Nf4 Bd8 32. Nh5 Rg6 33. f4 Qc8 $2 (33... Rg8 {was necessary.} 34. Qf3 Qa8) 34. Qd3 {[%emt 0:00:28] Active counter play!} f5 35. exf6 Bxf6 {[%emt 0:00:20] [#]} 36. Nxa5 $1 {[%emt 0:00:46][%mdl 512] Pair of Knights!} e5 (36... Qg8 37. Nxc6) 37. f5 Rxg4 38. Kxg4 e4 39. Qb5 $2 ({Better is} 39. Qf1 $18) 39... Qg8+ $2 (39... Nxd4 $11 40. Qxd5 Nxc2 41. Rxc2 Rxc2 42. Nxf6 Rc5 43. Qxe4 Rxa5) 40. Kh3 Qc8 41. Qxd5 {[%emt 0:02:59] Weighted Error Value: White=0.28 (precise) /Black=0.65} 1-0

[Event "Fredericia IM 2022"]
[Site "Fredericia"]
[Date "2022.05.28"]
[Round "6.1"]
[White "Storme, Isak"]
[Black "Ramsdal, Jens Albert"]
[Result "1-0"]
[ECO "B31"]
[WhiteElo "2388"]
[BlackElo "2267"]
[Annotator "TA"]
[PlyCount "55"]
[EventDate "2022.05.25"]
[EventType "tourn"]
[EventCountry "DEN"]
[SourceTitle "playchess.com"]
[Source "ChessBase"]
[SourceQuality "1"]
[TimeControl "40/5400+30:1800+30"]

1. e4 c5 2. Nf3 Nc6 3. Bb5 g6 4. O-O Bg7 5. c3 e5 6. d4 exd4 7. cxd4 cxd4 8. Bf4 Nge7 9. Bd6 O-O 10. Nbd2 b6 11. a4 ({White should try} 11. Nb3 $16) 11... Bb7 $11 {[%emt 0:02:35] B31: Sicilian: 2...Nc6 3 Bb5 g6.} 12. Bc4 Nc8 13. Bxf8 $16 {[%emt 0:05:31] White is much more active.} Qxf8 {[%emt 0:00:28] [#] White is better.} 14. Re1 $146 ({Predecessor:} 14. Ng5 Ne5 15. Ba2 Ba6 16. f4 Qe7 17. fxe5 Qxg5 18. Rxf7 Kh8 19. Nf3 Qe3+ 20. Kh1 {1-0 (20) Mortensen,E (2510)-Schmied,A (2155) Reykjavik 1998}) 14... Nb4 {[%emt 0:05:23] [#]} (14... Nd6 $16) 15. Qb3 $1 $18 a5 {[%emt 0:01:31] [#]} 16. e5 {[%emt 0:00:52] Prevents Nd6.} d5 (16... d6 $16) 17. Bb5 Na7 18. Nxd4 Qc5 19. N2f3 Nxb5 20. axb5 ({Much less strong is} 20. Nxb5 $6 Qc4 21. Qd1 Qd3 $18) 20... Qc4 $2 (20... Bc8 {was worth a try.} 21. Rec1 Qf8) 21. Qe3 Qd3 22. Qf4 Rf8 23. Re3 g5 24. Nxg5 {[%emt 0:00:40] Threatening mate with Nf5.} Qd2 25. Nf5 {[%emt 0:02:46] White mates.} f6 26. exf6 Bxf6 27. Nh6+ Kh8 28. Ngf7+ {[%emt 0:00:35] Weighted Error Value: White=0.06 (flawless) /Black=0.82} 1-0

[Event "Fredericia IM 2022"]
[Site "Fredericia"]
[Date "2022.05.28"]
[Round "6.2"]
[White "Bogdanov, Egor"]
[Black "Hilwerda, Jonas"]
[Result "0-1"]
[ECO "B31"]
[WhiteElo "2415"]
[BlackElo "2275"]
[Annotator "TA"]
[PlyCount "98"]
[EventDate "2022.05.25"]
[EventType "tourn"]
[EventCountry "DEN"]
[SourceTitle "playchess.com"]
[Source "ChessBase"]
[SourceQuality "1"]
[TimeControl "40/5400+30:1800+30"]

1. e4 c5 2. Nf3 Nc6 3. Bb5 g6 4. O-O Bg7 5. c3 e5 6. d4 cxd4 7. cxd4 exd4 8. Bf4 a6 9. Bc4 {[%emt 0:02:13][%mdl 1024] White has compensation.} d6 {[%emt 0:00:11] B31: Sicilian: 2...Nc6 3 Bb5 g6.} 10. Nbd2 Nf6 11. Re1 O-O {[%emt 0:01:11] [#] Black is slightly better.} 12. e5 $146 ({White should try} 12. Rc1 $15) ({Predecessor:} 12. Bb3 h6 13. h3 Re8 14. Rc1 d5 15. exd5 Rxe1+ 16. Qxe1 Nxd5 17. Bxd5 Qxd5 18. Qe8+ {0-1 (29) Haria,R (2463)-Santos Ruiz,M (2560) New Delhi 2019}) 12... dxe5 $17 13. Nxe5 Na5 (13... Nd5 $15 14. Bxd5 Qxd5) 14. Be2 (14. Bxf7+ $11 Rxf7 15. Nxf7 Kxf7 16. Rc1) 14... Bf5 15. Nb3 Nxb3 16. Qxb3 Be6 ({Black should play} 16... Nd7 $17 17. Nxd7 Qxd7) 17. Qxb7 $11 Nd5 18. Nc6 $2 (18. Bg3 $11 {and White is okay.}) 18... Qd7 $19 19. Qxd7 Bxd7 20. Ne5 Nxf4 21. Nxd7 Rfd8 22. Bf3 Rac8 23. Ne5 Bxe5 24. Rxe5 Rc2 ({Better is} 24... d3 $1 $19 {[%cal Rd3d2] And now ...d2 would win.} 25. Rd1 Rc2) 25. Rd1 (25. g3 $17 {is a better defense.} Nh3+ 26. Kg2 Rxf2+ 27. Kxh3 Rxf3 28. Kg2) 25... d3 $1 {[%emt 0:00:02] ...d2 is the strong threat.} ({And not} 25... Rxb2 26. Re4 Ne6 27. Re2 $17) 26. Kf1 (26. Re4 {was called for.} Ne6 27. b4) 26... Rxb2 27. Re4 g5 {[%emt 0:00:02][%cal Bg6g5,Bg5g4][%mdl 32] 0x0.001b5ab6d675dp-1022s more active pieces.} 28. h4 {[%emt 0:01:16] [#]} (28. Re5 $17) 28... h6 (28... Rxa2 29. hxg5 Ne6 30. Re5 $17) (28... Rc2 $1 $19 {has better winning chances. Strongly threatening ...d2.} 29. Re3 d2 30. hxg5 Nd3) 29. Ra4 (29. hxg5 $17 hxg5 30. Re5) 29... Rc8 30. Rxa6 (30. Kg1 $17 {was worth a try.}) 30... Rcc2 ({Worse is} 30... gxh4 31. Rxh6 (31. Ra4 Ng6 $17) 31... h3 32. Rh4 hxg2+ 33. Bxg2) 31. Rxh6 $2 (31. hxg5 $19 Rxf2+ 32. Kg1) 31... g4 32. Be4 f5 33. Bc6 Rxf2+ 34. Kg1 g3 35. Kh1 Ne2 (35... Kg7 $142 36. Rd6 Rxg2 37. Rd7+ Kf6 38. Rd6+ Ke5 39. Bxg2 Rxg2 40. Rg6 Rh2+ 41. Kg1 Ne2+ 42. Kf1 Rh1+ 43. Kg2 Rxd1 44. Kf3 Nd4+ 45. Kxg3 d2 46. Kf2 Rc1 47. Rg7 d1=Q 48. Re7+ Kf6 49. Rf7+ Kxf7 50. Kg3 Qg4+ 51. Kh2 Nf3#) 36. Rd6 Nc3 (36... Rf4 $142 37. Bd5+ Kf8 38. Rf6+ Kg7 39. Rf7+ Kg6 40. h5+ Kh6 41. Rf6+ Kg5 42. Rg6+ Kxh5 43. Rxg3 Nxg3+ 44. Kh2 Nf1+ 45. Kg1 {[#]} d2 $1) 37. R6xd3 Nxd1 38. Rxd1 {[%mdl 4096] Endgame KRR-KRB} Rb4 {[%emt 0:00:10] ( -> ...Kg7)} 39. Kg1 Kg7 40. h5 Rxa2 {[%emt 0:00:55] Black mates.} 41. Rf1 f4 42. Rd1 Rab2 43. Kf1 Rb1 44. Rxb1 Rxb1+ {[%emt 0:00:04] KR-KB} 45. Ke2 Rb3 46. Bd5 Re3+ 47. Kf1 Kh6 48. Bf7 f3 49. Bc4 Rc3 {[%emt 0:01:17] Weighted Error Value: White=0.74/Black=0.47} 0-1

[Event "Fredericia IM 2022"]
[Site "Fredericia"]
[Date "2022.05.28"]
[Round "6.3"]
[White "Easwaralingam, Adesh"]
[Black "Fries-Nielsen, Jens Ove"]
[Result "1/2-1/2"]
[ECO "B06"]
[WhiteElo "2116"]
[BlackElo "2370"]
[Annotator "TA"]
[PlyCount "20"]
[EventDate "2022.05.25"]
[EventType "tourn"]
[EventCountry "DEN"]
[SourceTitle "playchess.com"]
[Source "ChessBase"]
[SourceQuality "1"]
[TimeControl "40/5400+30:1800+30"]

1. e4 g6 2. d4 Bg7 3. Nc3 Nc6 4. Be3 d5 5. exd5 Nb4 6. Bb5+ {[%emt 0:00:13] B06: Modern Defence.} Bd7 7. Bc4 {[%emt 0:00:06] Threatens to win with a3.} Bf5 $1 {[%emt 0:00:08] [#]} 8. Bb5+ $146 ({Predecessor:} 8. Bb3 Nf6 9. Nge2 Nbxd5 10. Nxd5 Nxd5 11. Ng3 Be6 12. c4 Nxe3 13. fxe3 c5 14. Ba4+ Bd7 15. O-O O-O 16. dxc5 Bxa4 17. Qxa4 {1-0 (54) Hector,J (2539)-Fries Nielsen,J (2365) Malmo 2012}) 8... Bd7 9. Bc4 {[%emt 0:00:05] aiming for a3.} Bf5 $1 10. Bb5+ Bd7 {[%emt 0:00:07] White did not feel at home in the position after the opening.  Weighted Error Value: White=0.22 (precise) /Black=0.00 (flawless)} 1/2-1/2

[Event "Fredericia IM 2022"]
[Site "Fredericia"]
[Date "2022.05.28"]
[Round "6.4"]
[White "Thorsbro, Peter"]
[Black "Egilstoft, Rogvi"]
[Result "0-1"]
[ECO "A41"]
[WhiteElo "2192"]
[BlackElo "2334"]
[Annotator "TA"]
[PlyCount "60"]
[EventDate "2022.05.25"]
[EventType "tourn"]
[EventCountry "DEN"]
[SourceTitle "playchess.com"]
[Source "ChessBase"]
[SourceQuality "1"]
[TimeControl "40/5400+30:1800+30"]

1. Nf3 d6 2. d4 Bg4 3. e4 Nd7 4. Be2 c6 5. c4 e5 6. Be3 {[%emt 0:04:33] A41: 1 d4 d6: Tartakower System and Modern Defence.} Be7 7. O-O Bxf3 8. Bxf3 {[%emt 0:00:04] White is slightly better.} Bg5 9. Nc3 Bxe3 10. fxe3 Ngf6 {[%emt 0:00:54] [#]} 11. b4 $146 ({Predecessor:} 11. Rf2 O-O 12. Bg4 Nxg4 13. Qxg4 Qe7 14. Raf1 a6 15. d5 c5 16. a4 Kh8 17. Rf3 {1-0 (61) Simutowe,A (2485)-Andonov,B (2316) Prague 2009}) 11... O-O 12. c5 Qe7 13. Qc2 b6 14. d5 (14. b5 $11 exd4 15. exd4 bxc5 16. bxc6 cxd4 17. Nb5 (17. cxd7 dxc3 18. e5 Qxe5 $11) (17. Nd5 Nxd5 18. exd5 Nc5 $11)) 14... bxc5 $15 15. dxc6 cxb4 16. Nd5 Nxd5 17. exd5 Nc5 18. Qd2 e4 (18... a5 $17) 19. Be2 Rfb8 20. Rac1 {[%emt 0:01:01][%cal Oc1c5] Rxc5! is the strong threat.} Qc7 21. Rc4 a5 22. Qd4 b3 23. Rxc5 $2 (23. axb3 $11 {and White stays safe.} Nxb3 24. Qc3 (24. Qxe4 $2 Nd2 $19)) 23... dxc5 $19 24. Qxc5 b2 (24... bxa2 $19 {Strongly threatening ...Rb1.} 25. Bc4 Rb1 26. Bxa2 Rxf1+ 27. Kxf1 Qe5) 25. d6 $2 {[%emt 0:03:07][%mdl 8192] [#]} (25. Rb1 $17 {was forced.} Qb6 26. Qxb6 Rxb6 27. Bg4) 25... Qb6 $1 26. Qd5 (26. Qxb6 $19 Rxb6 27. Rb1 Rxc6 28. Rxb2) 26... Qxe3+ 27. Kh1 b1=Q (27... Qxe2 $142 28. Qxf7+ Kh8) 28. c7 {[%emt 0:00:46] [#]} Qxe2 $1 29. cxb8=Q+ (29. c8=Q+ Rxc8) 29... Rxb8 30. Qxf7+ Kh8 {[%emt 0:00:05] Weighted Error Value: White=1.13/Black=0.23 (precise)} 0-1

[Event "Fredericia IM 2022"]
[Site "Fredericia"]
[Date "2022.05.28"]
[Round "6.5"]
[White "Boe, Mads"]
[Black "Vinter-Schou, Uffe"]
[Result "1/2-1/2"]
[ECO "B18"]
[WhiteElo "2293"]
[BlackElo "2321"]
[Annotator "TA"]
[PlyCount "38"]
[EventDate "2022.05.25"]
[EventType "tourn"]
[EventCountry "DEN"]
[SourceTitle "playchess.com"]
[Source "ChessBase"]
[SourceQuality "1"]
[TimeControl "40/5400+30:1800+30"]

1. e4 c6 2. d4 d5 3. Nc3 dxe4 4. Nxe4 Bf5 5. Ng3 Bg6 6. Nh3 e6 7. Nf4 Bd6 8. h4 Qc7 9. Nxg6 hxg6 10. Ne4 {B18: Classical Caro-Kann: 4...Bf5 sidelines.} Bf4 11. Bxf4 Qxf4 12. Ng5 {White is slightly better.} Nf6 13. g3 Qc7 14. Qd2 Nbd7 15. O-O-O Nh7 16. Ne4 Nhf6 17. Ng5 Nh7 18. Ne4 {[#]} Nhf6 $146 ({Predecessor:} 18... O-O-O 19. Bg2 Kb8 20. Kb1 Nhf6 21. Ng5 Nb6 22. Qe2 Rd7 23. c3 Rhd8 24. Bf3 Nbd5 25. Ka1 Ka8 26. Rhe1 {0-1 (66) Biolek,R (2469)-Sengupta,D (2565) Pardubice 2018}) 19. Ng5 Nh7 {Weighted Error Value: White=0.12 (very precise) /Black=0.03 (flawless)} 1/2-1/2

[Event "Fredericia IM 2022"]
[Site "Fredericia"]
[Date "2022.05.28"]
[Round "7.1"]
[White "Storme, Isak"]
[Black "Thorsbro, Peter"]
[Result "1-0"]
[ECO "C77"]
[WhiteElo "2388"]
[BlackElo "2192"]
[Annotator "TA"]
[PlyCount "89"]
[EventDate "2022.05.25"]
[EventType "tourn"]
[EventCountry "DEN"]
[SourceTitle "playchess.com"]
[Source "ChessBase"]
[SourceQuality "1"]
[TimeControl "40/5400+30:1800+30"]

1. e4 e5 2. Nf3 Nc6 3. Bb5 a6 4. Ba4 Nf6 5. d3 b5 6. Bb3 Be7 7. a4 Rb8 8. axb5 axb5 9. O-O O-O 10. Re1 h6 {[%emt 0:01:18] [#] C88: Closed Ruy Lopez: Anti-Marshall Systems.} 11. Nc3 $146 ({Predecessor:} 11. Nbd2 Re8 12. Nf1 Bf8 13. c3 d5 14. exd5 Nxd5 15. d4 exd4 16. Rxe8 Qxe8 17. Bxd5 dxc3 18. bxc3 {1-0 (39) Argote Heredia,V (2008)-Fraile Vela,M (1677) Cali 2018}) 11... Re8 12. Nd5 Nxd5 {[%emt 0:03:52] White is slightly better.} 13. exd5 Nd4 14. Nxd4 ({Not} 14. Nxe5 Bd6 15. Ng4 Rxe1+ 16. Qxe1 f5 $17) ({Of course not} 14. Rxe5 Nxb3 15. cxb3 Bb7 $11) 14... exd4 15. Qg4 Rb6 16. Qxd4 {[%emt 0:08:25] White is more active.} Bc5 {[%emt 0:04:48][%cal Re8e1] [#]} 17. Rxe8+ Qxe8 18. Qe4 {[%emt 0:00:10] Prevents Qe1+.} Qxe4 19. dxe4 {[%emt 0:01:49] Strongly threatening Ra8.} Rf6 20. Be3 Bxe3 21. fxe3 Ra6 {[%emt 0:00:07] Inhibits Ra8.} 22. Rxa6 Bxa6 $16 {[%emt 0:00:02][%mdl 4096] Endgame KB-KB} 23. e5 d6 24. exd6 cxd6 25. e4 f5 $2 (25... Kf8 $16 {might work better.} 26. Kf2 Ke7) 26. exf5 $18 Kf7 27. Kf2 Kf6 {[%emt 0:00:05] [#]} 28. Ke3 $1 Ke5 29. g4 Bb7 $2 (29... b4 {was called for.} 30. c4 bxc3 31. bxc3 Bf1) 30. c3 Bc8 31. Ba2 h5 32. h3 hxg4 33. hxg4 Bb7 34. b4 {[%emt 0:00:44] c4 is the strong threat.} Ba6 35. Bb3 Bc8 36. c4 Ba6 37. c5 Bb7 38. c6 {[%emt 0:00:57] White mates.} Bc8 39. Ba2 Ba6 40. Kf3 Bc8 41. Kg3 Ke4 42. Kh4 Kf4 43. Kh5 Ba6 44. Bb1 Bc8 45. Kg6 {[%emt 0:00:10] White took control after the opening.  Weighted Error Value: White=0.01 (flawless) /Black=0.52} 1-0

[Event "Fredericia IM 2022"]
[Site "Fredericia"]
[Date "2022.05.28"]
[Round "7.2"]
[White "Ramsdal, Jens Albert"]
[Black "Vinter-Schou, Uffe"]
[Result "1-0"]
[ECO "E32"]
[WhiteElo "2267"]
[BlackElo "2321"]
[Annotator "TA"]
[PlyCount "83"]
[EventDate "2022.05.25"]
[EventType "tourn"]
[EventCountry "DEN"]
[SourceTitle "playchess.com"]
[Source "ChessBase"]
[SourceQuality "1"]
[TimeControl "40/5400+30:1800+30"]

1. d4 Nf6 2. c4 e6 3. Nc3 Bb4 4. Qc2 d6 5. Bd2 Nbd7 6. Nf3 O-O 7. a3 {[%emt 0:02:15] E32: Nimzo-Indian: Classical (4 Qc2): 4...0-0.} Bxc3 8. Bxc3 c5 9. Rd1 {[%emt 0:06:34] The position is equal.} Qe7 10. dxc5 Nxc5 {[%emt 0:00:12] [#]} 11. Ng5 $146 (11. Bxf6 $142 Qxf6 12. b4 (12. Rxd6 Bd7 $11)) ({Predecessor:} 11. Bxf6 Qxf6 12. b4 Nd7 13. e3 Rd8 14. Be2 Qe7 15. O-O Nf6 16. c5 dxc5 17. Qxc5 Qxc5 18. Rxd8+ {½-½ (26) Kopasov,E (2200)-Buczinski,H (2120) LSS email 2015}) 11... e5 $11 12. b4 Ne6 13. Ne4 Rd8 14. e3 $36 {[%emt 0:04:15][%cal Be2e3,Be3f4,Bf4f5,Bf5f6][%mdl 2080] White has some pressure.} Ne8 (14... Nxe4 $11 15. Qxe4 a5) 15. Ng3 b6 (15... g6 $11) 16. Be2 (16. Bd3 $5 ) 16... Bb7 (16... Ba6 $14) 17. O-O $16 Rac8 18. f4 exf4 (18... g6 $142) 19. exf4 {[%emt 0:00:13] Threatens to win with Bd3.} d5 20. Bd3 $1 {[%emt 0:11:07] White is more active. A strong pair of Bishops.} d4 (20... dxc4 $16 21. Bxh7+ Kf8) 21. Bd2 $2 ({Don't take} 21. Bxh7+ $6 Kf8 22. Bb2 Qh4 $16) (21. Nf5 $1 $18 Qf8 22. Nxd4 $1 ) 21... h6 $2 {[%emt 0:03:15] This costs Black the game.} (21... Nf6 $16) 22. Rde1 Qf8 (22... Qd7 $142 23. f5 Nf8) 23. f5 $18 Ng5 24. f6 $1 Nxf6 {[%emt 0:00:12] [#]} 25. Rxf6 $1 gxf6 26. h4 Re8 {[%emt 0:04:31] White must now prevent ...Qd6.} 27. Rf1 Qd6 28. Bf4 Qc6 29. hxg5 fxg5 {[%emt 0:02:40] [#]} 30. Bc1 Re5 31. Qf2 Rc7 32. Nf5 {[%emt 0:00:47] Inhibits Rce7.} Rd7 33. Qg3 Re6 (33... Re8 $2 {[#]} 34. Bxg5 $1 Qxg2+ 35. Qxg2) 34. Bb2 Rf6 35. Qb8+ Bc8 36. Qe5 {[%emt 0:06:31] Threatening mate with Qe8+.} Qe6 {[%emt 0:00:38] Prevents Qe8+.} 37. Qg3 {[%emt 0:00:05] Hoping for Re1.} Qe8 38. Re1 Qd8 39. Qe5 {[%emt 0:00:39] Intending Qe8+ and mate.} Bb7 40. Qe8+ Qxe8 41. Rxe8+ Kh7 42. Ne7+ {Weighted Error Value: White=0.18 (very precise) /Black=0.56} (42. Nxd4+ $142 Kg7 43. Nf5+ Kh7 44. Ne7+ Rxd3 45. Bxf6 Rd1+ 46. Kh2 Rh1+ 47. Kxh1 Bxg2+ 48. Kxg2 h5 49. Rh8#) 1-0